 Dungeon Crawl Stone Soup version 0.24-a0-290-gbb66a67 (webtiles) character file.

Game seed: 15446263760246143603

481063 MatthieuS the Eclecticist (level 23, -1/129 HPs)
             Began as a Deep Elf Ice Elementalist on May 5, 2019.
             Was an Elder of Sif Muna.
             Slain by a deep troll (5 damage)
             ... on level 4 of the Depths on May 8, 2019.
             The game lasted 05:39:46 (73443 turns).

MatthieuS the Eclecticist (DEIE)                   Turns: 73443, Time: 05:39:47

Health: -1/129     AC: 17    Str: 10    XL:     23   Next: 41%
Magic:  7/54       EV: 22    Int: 47    God:    Sif Muna [****..]
Gold:   2870       SH: 20    Dex:  6    Spells: 2/62 levels left

rFire    + + +     SeeInvis .   w - staff of cold
rCold    + + .     Gourm    .   F - +2 shield {rC+}
rNeg     . . .     Faith    .   S - +3 leather armour "Imasir" {rElec rPois rF+++ Dex-5}
rPois    +         Spirit   .   P - +3 hat of Pondering {ponderous, MR+ MP+10 Int+5}
rElec    +         Reflect  +   V - +2 cloak {rPois}
rCorr    .         Harm     .   O - +0 pair of gloves of Valour {MR- Str+4 Int+7}
MR       +++++                  g - +2 pair of boots
Stlth    +++++.....             U - +6 amulet of reflection
HPRegen  1.31/turn              x - ring "Ipuc" {MR+++ Int+5 Dex-4 Stlth+}
MPRegen  0.34/turn              L - +6 ring of evasion

@: slightly contaminated, regenerating (expiring), studying Dodging, deflect
missiles, slow
A: frail 1, low mp 1, no potion heal 1, subdued magic 1
}: 3/15 runes: barnacled, silver, gossamer
a: Divine Energy, Channel Magic, Forget Spell, Renounce Religion


You were on level 4 of the Depths.
You worshipped Sif Muna.
Sif Muna was greatly pleased with you.
You were not hungry.

You visited 9 branches of the dungeon, and saw 44 of its levels.

You collected 5536 gold pieces.
You spent 2666 gold pieces at shops.

Inventory:

Hand Weapons
 q - the +9 hand axe of the Wheel {pain, rF+ SInv}
   (You took it off a deep elf sorcerer on level 5 of the Vaults)

   In the hands of one skilled in necromantic magic, it inflicts extra damage on
   living creatures.
   It protects you from fire.
   It lets you see invisible.
Armour
 g - a +2 pair of boots (worn)
   (You found it on level 1 of the Dungeon)
 F - a +2 shield of cold resistance (worn)
   (You took it off a tengu warrior on level 15 of the Dungeon)
 O - the +0 pair of gloves of Valour (worn) {MR- Str+4 Int+7}
   (You found it on level 4 of the Lair of Beasts)

   It affects your strength (+4).
   It affects your intelligence (+7).
   It affects your resistance to hostile enchantments.
 P - the +3 hat of Pondering (worn) {ponderous, MR+ MP+10 Int+5}
   (You took it off Gastronok on level 2 of the Lair of Beasts)

   It affects your intelligence (+5).
   It affects your resistance to hostile enchantments.
   It affects your magic capacity (+10).
 S - the +3 leather armour "Imasir" (worn) {rElec rPois rF+++ Dex-5}
   (You found it on level 3 of the Elven Halls)

   It affects your dexterity (-5).
   It renders you almost immune to fire.
   It insulates you from electricity.
   It protects you from poison.
 V - a +2 cloak of poison resistance (worn)
   (You took it off Nikola on level 2 of the Spider Nest)
Magical Staves
 w - an uncursed staff of cold (weapon)
   (You found it on level 9 of the Dungeon)
 C - an uncursed staff of wizardry {!a}
   (You found it on level 6 of the Lair of Beasts)
Jewellery
 l - an uncursed ring of protection from magic
   (You found it on level 3 of the Shoals)
 n - an uncursed ring of protection from fire
   (You found it on level 6 of the Dungeon)
 x - the ring "Ipuc" (left hand) {MR+++ Int+5 Dex-4 Stlth+}
   (You found it on level 4 of the Shoals)

   [ring of stealth]

   It affects your intelligence (+5).
   It affects your dexterity (-4).
   It affects your resistance to hostile enchantments.
   It makes you more stealthy.
 y - the ring "Ygusk" {+Inv MP+9 Str-2 Dex-5 SInv}
   (You bought it in a shop on level 1 of the Orcish Mines)

   [ring of strength]

   It affects your strength (-2).
   It affects your dexterity (-5).
   It affects your magic capacity (+9).
   It lets you see invisible.
   It lets you turn invisible.
 L - a +6 ring of evasion (right hand)
   (You bought it in a shop on level 1 of the Orcish Mines)
 M - an uncursed ring of protection from cold
   (You found it on level 3 of the Spider Nest)
 T - an uncursed ring of resist corrosion
   (You found it on level 3 of the Shoals)
 U - a +6 amulet of reflection (around neck)
   (You found it on level 3 of the Vaults)
Wands
 c - a wand of disintegration (6)
   (You found it on level 1 of the Depths)
 d - a wand of iceblast (3)
   (You found it on level 2 of the Elven Halls)
 u - a wand of paralysis (35)
   (You found it on level 4 of the Dungeon)
 v - a wand of digging (8)
   (You found it on level 1 of the Spider Nest)
Scrolls
 h - a scroll of silence
 j - 9 scrolls of teleportation {@r4}
 m - 15 scrolls of remove curse {@r2}
 r - 3 scrolls of immolation {!r}
 t - a scroll of fear
 B - 16 scrolls of identify {@r1}
 K - 5 scrolls of fog
 N - 9 scrolls of magic mapping
 W - a scroll of acquirement
 X - 2 scrolls of amnesia
 Z - 3 scrolls of enchant armour
Potions
 b - 2 potions of magic
 e - a potion of resistance
 f - 3 potions of mutation {!q}
 i - 2 potions of invisibility
 k - a potion of ambrosia
 o - 7 potions of brilliance
 z - a potion of cancellation
 A - 6 potions of agility
 G - 2 potions of haste {@q3}
 H - 7 potions of curing {@q1}
 J - 9 potions of berserk rage
Books
 E - a manual of Dodging {!d}
   (You found it on level 5 of the Vaults)
Miscellaneous
 D - a lamp of fire (inert)
   (You found it on level 9 of the Dungeon)
 R - a phantom mirror
 Y - 2 boxes of beasts
Comestibles
 Q - 35 rations


   Skills:
 + Level 15.3 Fighting
 - Level 6.0 Armour
 + Level 17.5 Dodging
 - Level 10.8 Stealth
 - Level 15.0 Shields
 + Level 20.1 Spellcasting
 + Level 17.4 Conjurations
 - Level 5.0 Charms
 - Level 12.0 Summonings
 - Level 2.0 Necromancy
 + Level 17.5 Ice Magic
 - Level 5.0 Air Magic
 - Level 5.6 Invocations


You had 2 spell levels left.
You knew the following spells:

 Your Spells              Type           Power        Failure   Level  Hunger
a - Freeze                Ice            ####         0%          1    None
b - Borgnjor's Vile Clut  Necr/Erth      #####.....   7%          5    None
c - Ozocubu's Armour      Chrm/Ice       ########     0%          3    None
d - Throw Icicle          Conj/Ice       ########     0%          4    None
e - Summon Ice Beast      Ice/Summ       ########     0%          4    None
f - Freezing Cloud        Conj/Ice/Air   ########..   1%          6    None
g - Glaciate              Conj/Ice       ########..   32%         9    ##.....
h - Spellforged Servitor  Conj/Summ      #######...   1%          7    None
i - Irradiate             Conj/Tmut      #######...   1%          5    None
j - Regeneration          Chrm/Necr      ######....   1%          3    None
k - Blink                 Tloc           N/A          1%          2    None
l - Sublimation of Blood  Necr           ######....   1%          2    None
m - Apportation           Tloc           #####.       1%          1    None
r - Deflect Missiles      Chrm/Air       ######....   8%          6    None
A - Shroud of Golubria    Chrm/Tloc      ######....   1%          2    None

Your spell library contained the following spells:

 Spells                   Type           Power        Failure   Level  Hunger
 Flame Tongue             Conj/Fire      #####        0%          1    None
 Magic Dart               Conj           ####         0%          1    None
 Shock                    Conj/Air       ####         0%          1    None
 Sting                    Conj/Pois      ####         0%          1    None
 Summon Butterflies       Summ           #######.     0%          1    None
 Summon Small Mammal      Summ           ####         0%          1    None
 Call Imp                 Summ           #######.     0%          2    None
 Ensorcelled Hibernation  Hex/Ice        ######       0%          2    None
 Searing Ray              Conj           ######       0%          2    None
 Throw Flame              Conj/Fire      ######       0%          2    None
 Throw Frost              Conj/Ice       ######       0%          2    None
 Animate Skeleton         Necr           N/A          1%          1    None
 Beastly Appendage        Tmut           #####.       1%          1    None
 Confusing Touch          Hex            #####.       1%          1    None
 Corona                   Hex            #####..      1%          1    None
 Infusion                 Chrm           ####         1%          1    None
 Corpse Rot               Necr           N/A          1%          2    None
 Passwall                 Tmut/Erth      #####...     1%          2    None
 Poisonous Vapours        Pois/Air       ######       1%          2    None
 Slow                     Hex            #####...     1%          2    None
 Song of Slaying          Chrm           ######..     1%          2    None
 Sticks to Snakes         Tmut           #####...     1%          2    None
 Call Canine Familiar     Summ           #######.     0%          3    None
 Static Discharge         Conj/Air       #######.     0%          3    None
 Iskenderun's Mystic Bla  Conj           ########     0%          4    None
 Confuse                  Hex            #####...     1%          3    None
 Conjure Flame            Conj/Fire      #######.     1%          3    None
 Dazzling Spray           Conj/Hex       ######       1%          3    None
 Gell's Gravitas          Tloc           #####.....   1%          3    None
 Ignite Poison            Fire/Tmut/Pois #####...     1%          3    None
 Lesser Beckoning         Tloc           #####.....   1%          3    None
 Mephitic Cloud           Conj/Pois/Air  ######..     1%          3    None
 Recall                   Summ/Tloc      N/A          1%          3    None
 Spectral Weapon          Hex/Chrm       ######..     1%          3    None
 Spider Form              Tmut/Pois      #####.....   1%          3    None
 Stone Arrow              Conj/Erth      ######       1%          3    None
 Tukima's Dance           Hex            #####...     1%          3    None
 Force Lance              Conj/Tloc      #######.     1%          4    None
 Fulminant Prism          Conj/Hex       #######...   1%          4    None
 Ice Form                 Ice/Tmut       #######.     1%          4    None
 Sticky Flame             Conj/Fire      #######.     1%          4    None
 Summon Lightning Spire   Summ/Air       #######.     1%          4    None
 Aura of Abjuration       Summ           #######...   1%          5    None
 Bolt of Draining         Conj/Necr      #######...   1%          5    None
 Bolt of Magma            Conj/Fire/Erth ######....   1%          5    None
 Fireball                 Conj/Fire      #######...   1%          5    None
 Iskenderun's Battlesphe  Conj/Chrm      #######.     1%          5    None
 Lightning Bolt           Conj/Air       #######...   1%          5    None
 Metabolic Englaciation   Hex/Ice        #######...   1%          5    None
 Summon Demon             Summ           #######...   1%          5    None
 Summon Forest            Summ/Tloc      ######....   1%          5    None
 Summon Mana Viper        Hex/Summ       ######..     1%          5    None
 Venom Bolt               Conj/Pois      #######...   1%          5    None
 Bolt of Cold             Conj/Ice       ########..   1%          6    None
 Bolt of Fire             Conj/Fire      #######...   1%          6    None
 Conjure Ball Lightning   Conj/Air       #######...   1%          6    None
 Iron Shot                Conj/Erth      #######...   1%          6    None
 Ozocubu's Refrigeration  Ice            ########..   1%          6    None
 Poison Arrow             Conj/Pois      #######...   1%          6    None
 Shadow Creatures         Summ           N/A          1%          6    None
 Simulacrum               Ice/Necr       ########..   1%          6    None
 Orb of Destruction       Conj           ########..   1%          7    None
 Excruciating Wounds      Chrm/Necr      ######....   2%          5    None
 Summon Greater Demon     Summ           #######...   2%          7    None
 Summon Hydra             Summ           #######...   2%          7    None
 Cause Fear               Hex            #####.....   3%          4    None
 Leda's Liquefaction      Hex/Erth       #####.....   3%          4    None
 Passage of Golubria      Tloc           N/A          3%          4    None
 Petrify                  Tmut/Erth      #####...     3%          4    None
 Silence                  Hex/Air        ######....   3%          5    None
 Agony                    Necr           ######..     4%          5    None
 Dispel Undead            Necr           ######..     4%          5    None
 Alistair's Intoxication  Tmut/Pois      #####...     12%         5    None
 Blade Hands              Tmut           #####.....   12%         5    None
 Yara's Violent Unravell  Hex/Tmut       #####.....   12%         5    None
 Summon Horrible Things   Summ           #######...   19%         8    None
 Haunt                    Necr/Summ      ######....   21%         7    None
 Chain Lightning          Conj/Air       #######...   28%         8    None
 Malign Gateway           Summ/Tloc      ######....   30%         7    None
 Darkness                 Hex            #####.....   54%         6    None
 Dispersal                Tloc           #####.....   54%         6    None
 Hydra Form               Tmut           #####.....   54%         6    None
 Statue Form              Tmut/Erth      #####....    54%         6    None
 Lehudib's Crystal Spear  Conj/Erth      #######...   61%         8    None
 Ring of Flames           Chrm/Fire      ######....   80%         7    None
 Dragon's Call            Summ           #######...   97%         9    ##.....
 Dragon Form              Tmut           #####.....   98%         7    None
 Discord                  Hex            #####.....   100%        8    None
 Ignition                 Fire           #####.....   100%        8    None
 Fire Storm               Conj/Fire      #######...   100%        9    ##.....
 Shatter                  Erth           #####.....   100%        9    ##.....
 Tornado                  Air            ######....   100%        9    ##.....


Dungeon Overview and Level Annotations

Branches:
Dungeon (15/15)            Temple (1/1) D:5            Lair (6/6) D:11
 Shoals (4/4) Lair:2       Spider (4/4) Lair:4        Slime (0/5) Lair:5
    Orc (2/2) D:12            Elf (3/3) Orc:2        Vaults (5/5) D:13
  Crypt (0/3) Vaults:2     Depths (4/5) D:15

Altars:
Ashenzari
Cheibriados
Dithmenos
Elyvilon
Fedhas
Gozag
Hepliaklqana
Kikubaaqudgha
Makhleb
Nemelex Xobeh
Okawaru
Qazlal
Ru
Sif Muna
Trog
Uskayaw
Vehumet
Wu Jian
Xom
Yredelemnul
Zin
The Shining One

Shops:
D:5 *(   D:11 ([?[}   Orc:1 *(=((   Orc:2 :=(*   Elf:1 *   Elf:2 *   Shoals:2 [
Shoals:4 %   Vaults:1 (   Depths:1 %

Portals:
Hell: Depths:1 Depths:2 Depths:3
Pandemonium: Depths:3

Annotations:
D:4 2 transporters, skewfiend's ghost, amateur FoFi
Lair:2 2 transporters, Ceffuacw's ghost, journeyman NaWz
Spider:4 3 runed translucent doors, Dernum's ghost, adept HuBe
Orc:2 3 runed translucent doors, Gridlocked's ghost, journeyman MiBe


Innate Abilities, Weirdness & Mutations

You are frail. (-10% HP)
Your magical capacity is low. (-10% MP)
Potions are less effective at restoring your health.
Your spells are a little easier to cast, but a little less powerful.


Message History

You block something's attack. Something bites you!
* * * LOW HITPOINT WARNING * * *
Something draws strength from your injuries!
A golden dragon zombie comes into view.
Your yaktaur hits something.
The deep troll barely misses your fire dragon. x2
The deep troll claws your fire dragon!
Aim: a vampire knight, wielding a +1 long sword of freezing and wearing a +0 chain mail (almost destroyed)
You feel a surge of power!
The shard of ice hits the vampire knight!!
The vampire knight partially resists.
You destroy the vampire knight!
Sif Muna accepts your kill.
A quicksilver dragon comes into view.
Your golden dragon bites the deep troll.
Your golden dragon claws the deep troll.
Your golden dragon closely misses the deep troll.
Your fire dragon breathes flames at the deep troll.
The blast of flame hits the deep troll!!
You block something's attack. Something bites you but does no damage.
Your iron troll closely misses the flying skull.
Your iron troll barely misses the flying skull. x2
You block the deep troll's attack. The deep troll claws you!
* * * LOW HITPOINT WARNING * * *
The deep troll claws you!
* * * LOW HITPOINT WARNING * * *
Your yaktaur hits something but does no damage.
The deep troll bites your fire dragon! The deep troll claws your fire dragon.
The deep troll claws your fire dragon but does no damage.
A shadow dragon skeleton comes into view.
You hear a hideous shriek!
Okay, then.
Your system partially rejects the healing.
You feel much better.
Your iron troll dissolves into shadows!
You block the flying skull's attack. Something hits you.
* * * LOW HITPOINT WARNING * * *
Something closely misses you.
Your golden dragon bites the deep troll!
Your golden dragon claws the deep troll!
The deep troll dies!
Sif Muna accepts your kill.
Your fire dragon bites something!
Your fire dragon claws something but does no damage.
Your fire dragon closely misses something.
The deep troll bites you!!
* * * LOW HITPOINT WARNING * * *
The deep troll claws you.
You die...

#.. ## ... #W.## ## #.##
..... #..#.#.#+#.#)
.....####..##....#..
...........##......
...........##.##..####Z.
...............Tc....Z..
...........)).Z.@Z......
..........)..DDz.T......
....#.'#.##..#####.....
. #.........>..# ....
#............# ...
#.....'......# ..
#.....##.....# .
#####.....##.....#
.............#####


You could see a deep troll, a flying skull, a golden dragon zombie, 2 shadow
dragon skeletons, a deep elf demonologist skeleton, a friendly golden dragon, a
friendly fire dragon, a friendly deep troll and a friendly yaktaur.

Vanquished Creatures
  Saint Roka (Vaults:1)
  4 deep elf blademasters (Elf:3)
  3 deep elf master archers (Elf:3)
  3 titans (Vaults:5)
  2 quicksilver dragons (Vaults:5)
  Frances (Elf:1)
  A sphinx (Vaults:5)
  Roxanne (Elf:2)
  3 shadow dragons (Vaults:5)
  A revenant (Depths:4)
  6 fire giants
  4 tengu reavers
  8 frost giants
  An iron dragon (Vaults:5)
  10 vault wardens
  9 deep elf sorcerers
  2 ghost moths (Spider:4)
  7 emperor scorpions (Spider:4)
  15 ironheart preservers
  4 deep elf elementalists
  4 spriggan defenders (Depths:3)
  10 very ugly things
  9 stone giants
  5 entropy weavers
  A war gargoyle (Vaults:4)
  5 vampire knights
  13 dire elephants (Depths:3)
  9 deep elf annihilators
  4 deep elf demonologists
  3 merfolk javelineers
  3 spark wasps
  2 ettins
  5 deep elf death magi
  A merfolk impaler (Shoals:4)
  6 yaktaur captains
  A green death (Depths:3)
  3 fire dragons
  A jiangshi (Depths:4)
  A quicksilver dragon zombie (Depths:4)
  4 deep elf high priests
  4 great orbs of eyes
  A small abomination (Vaults:5)
  12 ice dragons
  4 rakshasas
  33 vault guards
  2 hydras
  3 death knights
  14 ogre magi
  3 spriggan air magi
  24 two-headed ogres
  7 centaur warriors
  3 merfolk aquamancers (Shoals:4)
  A queen ant (Spider:3)
  2 deep troll shamans
  6 tengu warriors
  19 dancing weapons
  A two-headed ogre (shapeshifter) (Depths:2)
  4 deep troll earth magi
  6 satyrs
  Urug (Lair:5)
  6 vampire magi
  4 death yaks (Lair:6)
  The ghost of Seuduecs the Nimble, a journeyman FeTm of Ru (Lair:4)
  7 spriggan berserkers
  A soul eater (Depths:3)
  3 sun demons (Depths:2)
  20 deep elf knights
  2 fire crabs (shapeshifter)
  6 hell knights (Depths:2)
  3 shadow wraiths
  A storm dragon skeleton (Vaults:2)
  9 deep trolls
  3 unseen horrors
  5 sea snakes
  2 wizards
  A flayed ghost (Depths:4)
  2 skeletal warriors (Vaults:2)
  An unseen horror (shapeshifter) (Vaults:3)
  2 glowing orange brains (Depths:2)
  15 deep elf archers
  5 ironbrand convokers
  A tengu zombie (Depths:4)
  4 harpies
  An obsidian statue (Depths:2)
  43 deep elf magi
  5 phantasmal warriors
  10 orb spiders
  35 ugly things
  8 orc knights
  5 necromancers
  2 orc sorcerers
  22 wolf spiders
  9 cyclopes
  5 manticores
  15 fauns
  A frost giant zombie (Depths:4)
  A fire giant skeleton (Vaults:3)
  A moth of wrath (shapeshifter) (Vaults:1)
  A spriggan zombie (Depths:4)
  A black mamba (Lair:1)
  2 stone giant skeletons
  4 water nymphs
  5 merfolk sirens
  9 elephants
  3 naga magi (D:15)
  A frost giant skeleton (Vaults:2)
  2 gargoyles
  6 spiny frogs
  12 vault sentinels
  A spiny frog (shapeshifter) (Depths:2)
  3 orange demons
  2 centaur skeletons
  11 demonic crawlers
  3 rime drakes
  4 freezing wraiths
  2 komodo dragons (Lair:4)
  18 yaktaurs
  An ice devil (Depths:2)
  A tengu conjurer (Depths:4)
  A merfolk (shapeshifter) (Vaults:5)
  A red devil (Depths:3)
  4 meliai
  26 jumping spiders
  A polar bear (Lair:6)
  6 trolls
  A wind drake (shapeshifter) (Vaults:1)
  9 merfolk
  8 hornets
  2 wind drakes
  5 blink frogs
  13 slime creatures
  A frost giant simulacrum (Vaults:3)
  5 dream sheep
  Prince Ribbit (D:6)
  4 snapping turtles
  11 hippogriffs
  2 air elementals
  Sigmund (D:6)
  A flying skull (Depths:4)
  39 redbacks
  3 spriggans
  8 water elementals
  A yak (shapeshifter) (Vaults:1)
  7 yaks
  A ynoxinul (Depths:3)
  22 tarantellas
  8 wyverns
  6 fire elementals
  A basilisk (Lair:6)
  Eustachio (D:5)
  A human (shapeshifter) (Vaults:1)
  A golden eye (shapeshifter) (Depths:2)
  A hungry ghost (D:11)
  Menkaure (D:7)
  5 wargs
  Edmund (D:5)
  3 acid dragons
  2 hell hounds
  4 human skeletons (Vaults:2)
  18 soldier ants
  A floating eye (Depths:2)
  Duvessa (D:7)
  4 water moccasins
  5 porcupines
  An ogre skeleton (Vaults:1)
  14 orc warriors
  A swamp drake (D:12)
  2 eyes of draining (D:11)
  3 black bears
  2 ice beasts
  2 sky beasts
  9 boggarts
  An ettin simulacrum (Vaults:2)
  36 ogres
  10 centaurs
  2 crocodiles
  A big kobold (D:7)
  8 bullfrogs
  3 earth elementals (Elf:3)
  3 yaktaur skeletons
  A wyvern skeleton (D:10)
  3 scorpions
  9 killer bees
  2 howler monkeys
  A wight (D:14)
  2 electric eels
  9 crimson imps
  2 bullfrog zombies
  A centaur zombie (D:8)
  3 hounds
  2 jellies
  A wyvern simulacrum (D:14)
  2 bullfrog skeletons
  8 orc priests
  12 orc wizards
  7 iron imps
  3 iguanas
  2 hell rats (Lair:6)
  19 worker ants
  A hound zombie (D:10)
  A hound skeleton (D:10)
  A worker ant zombie (D:6)
  15 adders
  6 shadow imps
  5 white imps
  2 ufetubi (Depths:3)
  2 oozes
  An adder skeleton (D:5)
  4 worms (D:2)
  3 dart slugs
  4 leopard geckos
  55 orcs
  2 giant cockroaches
  6 hobgoblins
  16 jackals
  3 quokkas
  2 ball pythons (D:2)
  6 bats
  4 frilled lizards
  9 goblins
  6 kobolds
  A leopard gecko zombie (D:6)
  A quokka skeleton (D:5)
  5 rats
  4 crawling corpses (Vaults:5)
  16 plants
1301 creatures vanquished.

Vanquished Creatures (collateral kills)
  Mara (Vaults:4)
  Nikola (Spider:2)
  Jorgrun (Spider:2)
  A hellephant (Depths:3)
  Asterion (Depths:3)
  3 titans (Vaults:5)
  A quicksilver dragon (Vaults:5)
  Gastronok (Lair:2)
  A storm dragon (Vaults:5)
  Agnes (Spider:2)
  2 tengu reavers (Vaults:5)
  A frost giant (Vaults:5)
  4 deep elf sorcerers
  A ghost moth (Spider:3)
  5 vault wardens
  Louise (Spider:2)
  2 angels (Elf:1)
  An emperor scorpion (Spider:4)
  A juggernaut zombie (Depths:4)
  A ghoul (Vaults:4)
  5 very ugly things
  4 stone giants
  5 ironheart preservers
  2 entropy weavers
  A deep elf demonologist (Elf:2)
  A deep elf annihilator (Elf:2)
  Azrael (D:15)
  A dire elephant (Depths:3)
  A blizzard demon (Depths:2)
  4 ettins
  2 deep elf death magi
  Snorg (D:13)
  2 merfolk javelineers
  3 merfolk impalers (Shoals:4)
  A jiangshi (Depths:4)
  A fire dragon (Depths:4)
  2 great orbs of eyes (Depths:1)
  A rakshasa (Depths:4)
  Harold (D:9)
  2 hydras
  An ice dragon (Depths:3)
  Erica (D:10)
  2 vault guards
  A catoblepas (Lair:6)
  3 merfolk avatars
  2 satyrs (Shoals:3)
  A centaur warrior (D:13)
  3 ogre magi
  A merfolk aquamancer (Shoals:3)
  2 alligator snapping turtles (Shoals:3)
  8 dancing weapons
  A deep troll shaman (Depths:4)
  3 deep troll earth magi
  5 tengu warriors
  15 two-headed ogres
  8 death yaks (Lair:6)
  3 spriggan berserkers
  A vampire mage (Depths:2)
  An orc high priest (Elf:1)
  2 sun demons (Depths:2)
  An iron troll (Depths:1)
  A soul eater (Depths:2)
  9 deep elf knights
  2 spark wasp zombies (Depths:4)
  5 deep trolls
  2 skeletal warriors (Vaults:2)
  A storm dragon skeleton (Vaults:2)
  6 sea snakes
  A flayed ghost (Depths:4)
  A tengu zombie (Vaults:1)
  A wizard (Depths:1)
  6 harpies
  2 deep elf archers
  3 ironbrand convokers
  A lindwurm (Lair:6)
  A necromancer (D:15)
  Pikel (D:9)
  12 wolf spiders
  11 orb spiders
  18 deep elf magi
  9 ugly things
  An orc sorcerer (Elf:1)
  4 cyclopes
  A moth of wrath (Spider:3)
  5 merfolk sirens
  2 manticores
  21 fauns
  9 elephants
  A black mamba (shapeshifter) (Vaults:5)
  4 vault sentinels
  A water nymph (Shoals:4)
  5 black mambas
  6 spiny frogs
  2 gargoyles
  5 centaur skeletons
  3 rime drakes
  A komodo dragon (Lair:6)
  7 yaktaurs
  7 demonic crawlers
  2 efreet
  3 freezing wraiths
  4 trolls
  21 jumping spiders
  A tengu conjurer (Depths:1)
  12 merfolk
  A queen bee (Lair:4)
  3 meliai
  8 hornets
  A red devil (Depths:2)
  3 polar bears
  9 slime creatures
  3 hippogriffs
  A dream sheep (Shoals:3)
  5 snapping turtles
  4 blink frogs
  A flying skull (Depths:4)
  13 tarantellas
  A shadow (D:14)
  2 air elementals (Elf:1)
  4 spriggans
  6 wyverns
  16 yaks
  Grum (D:11)
  55 redbacks
  A wraith (Vaults:4)
  5 basilisks
  11 water elementals
  3 hungry ghosts
  An elf skeleton (Depths:4)
  2 acid dragons
  4 soldier ants (Spider:3)
  9 water moccasins
  7 porcupines
  3 ice beasts
  A black bear (Lair:6)
  A human zombie (Vaults:1)
  9 orc warriors
  13 wolves
  18 ogres
  An eye of draining (D:10)
  A boggart (D:15)
  5 human skeletons
  7 centaurs
  2 big kobolds
  5 crocodiles
  6 bullfrogs
  A scorpion (D:9)
  Dowan (D:7)
  2 wyvern skeletons
  16 killer bees
  3 howler monkeys
  3 wights (D:10)
  An electric eel (D:11)
  2 crimson imps
  A bullfrog zombie (D:7)
  5 jellies
  An iron imp (Depths:2)
  A hound (D:8)
  A bullfrog skeleton (D:10)
  6 orc priests
  11 orc wizards
  Ijyb (D:5)
  3 hell rats (Lair:6)
  3 iguanas
  12 worker ants
  A hound skeleton (D:11)
  3 adders
  2 shadow imps
  A white imp (Depths:2)
  26 orcs
  2 quokkas
  10 kobolds
  A fungus (Lair:3)
  6 plants
736 creatures vanquished.

Vanquished Creatures (others)
  A deep elf master archer (Elf:3)
  A vault warden (Vaults:3)
  A stone giant (Vaults:5)
  3 yaktaur captains
  A centaur warrior (Vaults:1)
  A deep elf knight (Elf:2)
  3 deep elf archers
  A deep elf mage (Elf:1)
  4 yaktaurs
  A tarantella (Spider:1)
  A boggart (D:15)
  An ogre (Vaults:5)
  83 fungi
  95 plants
197 creatures vanquished.

Grand Total: 2234 creatures vanquished

Notes
Turn   | Place    | Note
-------+----------+-------------------------------------------
     0 | D:1      | MatthieuS the Deep Elf Ice Elementalist began the quest for
                  | the Orb.
     0 | D:1      | Reached XP level 1. HP: 10/10 MP: 6/6
     6 | D:1      | Noticed a wolf
     6 | D:1      | Noticed a killer bee
     6 | D:1      | Noticed a polar bear
     8 | D:1      | Noticed an iguana
     8 | D:1      | Noticed a lindwurm
   340 | D:1      | Reached XP level 2. HP: 16/16 MP: 6/8
   347 | D:1      | Learned a level 2 spell: Throw Frost
   848 | D:2      | Reached skill level 1 in Fighting
  1041 | D:2      | Reached XP level 3. HP: 19/20 MP: 7/10
  1487 | D:2      | Learned a level 3 spell: Ozocubu's Armour
  1642 | D:2      | Reached skill level 4 in Spellcasting
  2003 | D:2      | Found an opulent altar of Gozag.
  2010 | D:2      | Found a sparkling altar of Nemelex Xobeh.
  2042 | D:2      | Found a blossoming altar of Fedhas.
  2323 | D:2      | Reached XP level 4. HP: 25/25 MP: 10/12
  2888 | D:3      | Found a deep blue altar of Sif Muna.
  2888 | D:3      | Found a shimmering altar of Xom.
  2888 | D:3      | Found an iron altar of Okawaru.
  2905 | D:3      | Became a worshipper of Sif Muna the Loreminder
  3001 | D:3      | Found an ornate altar of the Wu Jian Council.
  3004 | D:3      | Noticed an ice beast
  3133 | D:2      | Learned a level 4 spell: Throw Icicle
  3263 | D:3      | Reached XP level 5. HP: 18/30 MP: 3/14
  3410 | D:3      | Reached skill level 5 in Spellcasting
  3641 | D:3      | Learned a level 4 spell: Summon Ice Beast
  4028 | D:3      | Reached * piety under Sif Muna
  4273 | D:4      | Reached skill level 1 in Summonings
  4273 | D:4      | Reached skill level 5 in Ice Magic
  4273 | D:4      | Reached XP level 6. HP: 36/36 MP: 4/15
  4850 | D:4      | Found a hazy altar of Hepliaklqana.
  5000 | D:4      | Found a transporter.
  5003 | D:4      | Noticed skewfiend's ghost (amateur FoFi)
  5004 | D:4      | Identified the +7 dire flail of Acurot {crush, rN+ Str-3
                  | Dex+3}
  5014 | D:4      | Found a transporter.
  5387 | D:5      | Entered Level 5 of the Dungeon
  5387 | D:5      | Found Urefutyz's Weapon Shoppe.
  5387 | D:5      | Noticed Ijyb
  5399 | D:5      | Reached skill level 1 in Shields
  5403 | D:5      | Found a staircase to the Ecumenical Temple.
  5414 | Temple   | Entered the Ecumenical Temple
  5695 | D:5      | Noticed Edmund
  5712 | D:5      | Killed Edmund
  5820 | D:5      | Killed Ijyb
  5820 | D:5      | Reached XP level 7. HP: 40/40 MP: 2/17
  5987 | D:5      | Noticed Eustachio
  5996 | D:5      | Killed Eustachio
  6092 | D:5      | You fall through a shaft for 2 floors!
  6124 | D:6      | Noticed Sigmund
  6140 | D:6      | Killed Sigmund
  6500 | D:6      | Reached XP level 8. HP: 41/46 MP: 18/18
  6814 | D:5      | Found Ajusha's General Store.
  6820 | D:5      | Bought a scroll of identify for 24 gold pieces
  6820 | D:5      | Bought a scroll of teleportation for 36 gold pieces
  6820 | D:5      | Bought a potion of lignification for 36 gold pieces
  6820 | D:5      | Bought a scroll of identify for 24 gold pieces
  6918 | D:5      | Reached skill level 6 in Spellcasting
  6950 | D:5      | Found a white marble altar of Elyvilon.
  7006 | D:5      | Found a sacrificial altar of Ru.
  7253 | D:6      | Noticed Prince Ribbit
  7265 | D:6      | Killed Prince Ribbit
  7470 | D:6      | Found a blossoming altar of Fedhas.
  7670 | D:7      | Found a hide-covered altar of Uskayaw.
  7687 | D:7      | Noticed Duvessa
  7688 | D:7      | Noticed Dowan
  7696 | D:7      | Killed Dowan
  7696 | D:7      | Reached skill level 1 in Charms
  7715 | D:7      | Killed Duvessa
  7831 | D:7      | Found a basalt altar of Yredelemnul.
  7995 | D:7      | Noticed Menkaure
  8017 | D:7      | Reached ** piety under Sif Muna
  8031 | D:7      | Killed Menkaure
  8560 | D:7      | Reached skill level 7 in Spellcasting
  8573 | D:7      | Upgraded the game from 0.24-a0-284-g9fb9971 to
                  | 0.24-a0-285-g3c078ff
  8573 | D:7      | Reached XP level 9. HP: 42/52 MP: 7/21
 10264 | D:8      | Reached *** piety under Sif Muna
 10676 | D:8      | You fall through a shaft!
 10871 | D:8      | Reached skill level 5 in Conjurations
 11140 | D:9      | Found a burning altar of Makhleb.
 11143 | D:9      | Noticed Pikel
 11159 | D:9      | Killed Pikel
 11159 | D:9      | Reached skill level 8 in Spellcasting
 11168 | D:9      | Noticed a troll
 11197 | D:9      | Killed a troll
 11303 | D:9      | Noticed Harold
 11686 | D:9      | Found a shattered altar of Ashenzari.
 11793 | D:9      | Reached skill level 5 in Summonings
 11807 | D:9      | Killed Harold
 11807 | D:9      | Reached XP level 10. HP: 34/58 MP: 20/24
 12036 | D:10     | Entered Level 10 of the Dungeon
 12540 | D:10     | Noticed a two-headed ogre
 12622 | D:10     | Killed a two-headed ogre
 12622 | D:10     | Reached skill level 5 in Stealth
 13660 | D:10     | Noticed Erica
 13724 | D:10     | Killed Erica
 13724 | D:10     | Reached skill level 5 in Fighting
 13724 | D:10     | Reached skill level 5 in Dodging
 13905 | D:11     | Found Hulufony's Weapon Emporium.
 13905 | D:11     | Noticed Grum
 13942 | D:11     | Killed Grum
 13942 | D:11     | Reached **** piety under Sif Muna
 14238 | D:11     | Found a staircase to the Lair.
 14316 | Lair:1   | Entered Level 1 of the Lair of Beasts
 14420 | Lair:1   | Noticed a spiny frog
 14431 | Lair:1   | Killed a spiny frog
 14557 | Lair:1   | Noticed a black mamba
 14582 | Lair:1   | Killed a black mamba
 14587 | Lair:1   | Reached skill level 9 in Spellcasting
 14710 | Lair:1   | Noticed a black mamba
 14711 | Lair:1   | Noticed a black mamba
 14726 | Lair:1   | Killed a black mamba
 14729 | Lair:1   | Killed a black mamba
 14778 | Lair:1   | Found the +8 whip "Snakebite" {curare, rPois}
 15402 | Lair:2   | Noticed a four-headed hydra
 15408 | Lair:2   | Killed a three-headed hydra
 15757 | Lair:2   | Noticed a spiny frog
 15766 | Lair:2   | Killed a spiny frog
 15921 | Lair:2   | Found a staircase to the Shoals.
 15930 | Lair:2   | Reached XP level 11. HP: 64/64 MP: 9/26
 16059 | Lair:2   | Noticed Gastronok
 16077 | Lair:2   | Killed Gastronok
 16520 | Lair:2   | Noticed Ceffuacw's ghost (journeyman NaWz)
 16619 | Lair:2   | Found a transporter.
 16622 | Lair:2   | Found a transporter.
 17222 | Lair:3   | You fall through a shaft!
 17966 | Lair:4   | Found a transporter.
 17968 | Lair:4   | Found a transporter.
 17969 | Lair:4   | Noticed Seuduecs's ghost (journeyman FeTm)
 18001 | Lair:4   | Killed Seuduecs's ghost
 18001 | Lair:4   | Reached skill level 10 in Spellcasting
 18071 | Lair:4   | Got a pair of transparent gloves
 18100 | Lair:4   | Identified the +0 pair of gloves of Valour {MR- Str+4
                  | Int+7} (You found it on level 4 of the Lair of Beasts)
 18103 | Lair:4   | Identified a scroll of acquirement
 18104 | Lair:4   | Got a transparent sapphire amulet
 18106 | Lair:4   | Identified the amulet "Qovied" {Faith rC+ Int+5} (You
                  | acquired it on level 4 of the Lair of Beasts)
 18271 | Lair:4   | Reached ***** piety under Sif Muna
 18414 | Lair:4   | Received a gift from Sif Muna
 18423 | Lair:4   | Learned a level 6 spell: Freezing Cloud
 18427 | Lair:4   | Learned a level 3 spell: Conjure Flame
 18453 | Lair:4   | Reached skill level 1 in Invocations
 18753 | Lair:4   | Reached skill level 1 in Air Magic
 18795 | Lair:4   | Reached XP level 12. HP: 60/71 MP: 5/28
 19020 | Lair:4   | Found a hole to the Spider Nest.
 19347 | Lair:5   | Noticed a five-headed hydra
 19352 | Lair:5   | Killed a five-headed hydra
 19498 | Lair:5   | Noticed Urug
 19505 | Lair:5   | Killed Urug
 19647 | Lair:5   | Found a staircase to the Slime Pits.
 20420 | Lair:6   | Entered Level 6 of the Lair of Beasts
 20449 | Lair:6   | Reached skill level 10 in Ice Magic
 20657 | Lair:6   | Noticed a death yak
 20657 | Lair:6   | Noticed a death yak
 20657 | Lair:6   | Noticed a death yak
 20659 | Lair:6   | Noticed a death yak
 20659 | Lair:6   | Noticed a death yak
 20661 | Lair:6   | Noticed a death yak
 20663 | Lair:6   | Reached skill level 11 in Spellcasting
 20667 | Lair:6   | Killed a death yak
 20668 | Lair:6   | Killed a death yak
 20668 | Lair:6   | Identified Sif Muna's Tome of Excruciating Summoning (Sif
                  | Muna gifted it to you on level 6 of the Lair of Beasts)
 20668 | Lair:6   | Received a gift from Sif Muna
 20668 | Lair:6   | Killed a death yak
 20669 | Lair:6   | Killed a death yak
 20670 | Lair:6   | Killed a death yak
 20689 | Lair:6   | Killed a death yak
 20927 | Lair:6   | Reached XP level 13. HP: 78/78 MP: 28/30
 21066 | Lair:6   | Learned a level 7 spell: Spellforged Servitor
 21401 | Lair:6   | Reached skill level 1 in Armour
 21798 | Lair:6   | Identified Sif Muna's Handbook of the Supportive Rocks (Sif
                  | Muna gifted it to you on level 6 of the Lair of Beasts)
 21798 | Lair:6   | Received a gift from Sif Muna
 21936 | Lair:6   | Reached skill level 5 in Invocations
 22094 | D:11     | Reached skill level 10 in Stealth
 22106 | D:11     | Found Ucaklerph's Antique Armour Emporium.
 22165 | D:11     | Found Hoabu's Gadget Emporium.
 22202 | D:11     | Got a transparent ring mail
 22213 | D:11     | Identified the +1 ring mail of Midnight {+Fly rElec rC++
                  | Str-3} (You found it on level 11 of the Dungeon)
 22260 | D:11     | Found Cezaysche's Magic Scroll Shop.
 22626 | D:11     | Found Ehi Mesk's Antique Armour Emporium.
 22823 | D:11     | Bought a scroll of blinking for 97 gold pieces
 22823 | D:11     | Bought a scroll of blinking for 97 gold pieces
 22823 | D:11     | Bought a scroll of fear for 45 gold pieces
 22823 | D:11     | Bought a scroll of enchant armour for 97 gold pieces
 22823 | D:11     | Bought a scroll of torment for 97 gold pieces
 22823 | D:11     | Bought a scroll of blinking for 97 gold pieces
 22823 | D:11     | Bought a scroll of identify for 26 gold pieces
 22823 | D:11     | Bought a scroll of identify for 26 gold pieces
 22823 | D:11     | Bought a scroll of identify for 26 gold pieces
 23953 | D:12     | Found a staircase to the Orcish Mines.
 24142 | Orc:1    | Entered Level 1 of the Orcish Mines
 24142 | Orc:1    | Found Aquxkipt's Antique Weapon Emporium.
 24151 | Orc:1    | Learned a level 5 spell: Iskenderun's Battlesphere
 24245 | Orc:2    | Entered Level 2 of the Orcish Mines
 24261 | Orc:1    | Found Soqivol's Jewellery Shop.
 24265 | Orc:1    | Found Haxtux's Weapon Emporium.
 24349 | Orc:1    | Found Nuxasuj's Weapon Emporium.
 24698 | Orc:1    | Found Alarphasch's Assorted Antiques.
 24700 | Orc:1    | Found a bloodstained altar of Trog.
 24787 | Orc:1    | Bought the cursed ring "Ygusk" {+Inv MP+9 Str-2 Dex-5 SInv}
                  | for 254 gold pieces
 24862 | Orc:2    | Reached XP level 14. HP: 76/84 MP: 16/31
 24994 | Orc:2    | Reached skill level 12 in Spellcasting
 25030 | Orc:2    | Found a runed translucent gate.
 25030 | Orc:2    | Found a runed translucent gate.
 25031 | Orc:2    | Found a runed translucent gate.
 25034 | Orc:2    | Noticed an orc warlord
 25040 | Orc:2    | Noticed Gridlocked's ghost (journeyman MiBe)
 25105 | Orc:2    | Found a staircase to the Elven Halls.
 25133 | Orc:2    | Reached skill level 5 in Air Magic
 25419 | Orc:2    | Found Pesheagg's Antique Weapon Emporium.
 25512 | Orc:2    | Found Loafoj's General Store.
 25514 | Orc:2    | Found Suokkox's Jewellery Shop.
 25727 | Orc:2    | Found Posud's Book Shoppe.
 25995 | D:13     | Identified Tulul's Incunabulum of Attacks (Sif Muna gifted
                  | it to you on level 13 of the Dungeon)
 25995 | D:13     | Received a gift from Sif Muna
 26035 | D:13     | Noticed Snorg
 26042 | D:13     | Killed Snorg
 26430 | D:13     | Found a gate to the Vaults.
 26441 | D:13     | Reached skill level 10 in Conjurations
 26502 | D:13     | You fall through a shaft!
 26704 | D:13     | Found a stormy altar of Qazlal.
 28030 | D:15     | Entered Level 15 of the Dungeon
 28184 | D:15     | Found a glowing golden altar of the Shining One.
 28303 | D:15     | Reached skill level 10 in Dodging
 28311 | D:15     | Reached skill level 10 in Fighting
 28416 | D:15     | Found a staircase to the Depths.
 28485 | D:15     | Noticed Azrael
 28490 | D:15     | Killed Azrael
 28490 | D:15     | Reached XP level 15. HP: 58/92 MP: 29/33
 28634 | D:15     | Found a glowing silver altar of Zin.
 28653 | D:15     | Identified Sif Muna's Reference Book on Supportive
                  | Lightness (Sif Muna gifted it to you on level 15 of the
                  | Dungeon)
 28653 | D:15     | Received a gift from Sif Muna
 28829 | D:15     | Reached skill level 13 in Spellcasting
 28998 | D:15     | Found a blossoming altar of Fedhas.
 29543 | Spider:1 | Entered Level 1 of the Spider Nest
 31307 | Spider:2 | Identified Sif Muna's Almanac of Lightness and Battle Magic
                  | (Sif Muna gifted it to you on level 2 of the Spider Nest)
 31307 | Spider:2 | Received a gift from Sif Muna
 31604 | Spider:2 | Noticed Jorgrun
 31613 | Spider:2 | Killed Jorgrun
 31627 | Spider:2 | Reached skill level 10 in Summonings
 31872 | Spider:2 | Noticed Louise
 31883 | Spider:2 | Noticed Agnes
 31889 | Spider:2 | Killed Agnes
 31894 | Spider:2 | Killed Louise
 32536 | Spider:2 | Learned a level 4 spell: Summon Lightning Spire
 32573 | Spider:2 | Noticed Nikola
 32591 | Spider:2 | Killed Nikola
 32591 | Spider:2 | Reached skill level 5 in Armour
 32831 | Orc:1    | Bought a +6 ring of evasion for 858 gold pieces
 33813 | Spider:3 | Reached XP level 16. HP: 94/100 MP: 13/35
 34447 | Spider:3 | Received a gift from Sif Muna
 35008 | Spider:3 | Reached skill level 14 in Spellcasting
 35497 | Spider:4 | Entered Level 4 of the Spider Nest
 35527 | Spider:3 | Learned a level 3 spell: Regeneration
 36496 | Spider:4 | Received a gift from Sif Muna
 36502 | Spider:4 | Learned a level 2 spell: Blink
 36505 | Spider:4 | Learned a level 2 spell: Shroud of Golubria
 37105 | Spider:4 | Learned a level 2 spell: Ensorcelled Hibernation
 37842 | Spider:4 | Noticed Dernum's ghost (adept HuBe)
 37851 | Spider:4 | Found a runed translucent gate.
 37851 | Spider:4 | Found a runed translucent gate.
 37853 | Spider:4 | Found a runed translucent gate.
 39096 | Spider:4 | Got a gossamer rune of Zot
 39476 | Shoals:1 | Entered Level 1 of the Shoals
 40071 | Shoals:1 | Upgraded the game from 0.24-a0-285-g3c078ff to
                  | 0.24-a0-290-gbb66a67
 40211 | Shoals:2 | Reached XP level 17. HP: 106/106 MP: 18/37
 40653 | Shoals:2 | Identified Sif Muna's Volume of Congealing Summoning (Sif
                  | Muna gifted it to you on level 2 of the Shoals)
 40653 | Shoals:2 | Received a gift from Sif Muna
 40668 | Shoals:2 | Learned a level 6 spell: Ozocubu's Refrigeration
 40676 | Shoals:2 | Learned a level 4 spell: Ice Form
 40750 | Shoals:2 | Learned a level 5 spell: Irradiate
 40890 | Shoals:2 | Found Apnyrocveg's Armour Emporium.
 40893 | Shoals:2 | You fall through a shaft!
 41229 | Shoals:3 | Reached skill level 15 in Spellcasting
 42437 | Shoals:4 | Entered Level 4 of the Shoals
 42449 | Shoals:4 | Reached skill level 1 in Necromancy
 42456 | Shoals:4 | Reached skill level 5 in Charms
 42493 | Shoals:4 | Got a transparent iron ring
 42495 | Shoals:4 | Identified the ring "Ipuc" {MR+++ Int+5 Dex-4 Stlth+} (You
                  | found it on level 4 of the Shoals)
 42737 | Shoals:4 | Found the +8 arc blade {discharge, rElec}
 43278 | Shoals:4 | Identified Sif Muna's Almanac of Translocation (Sif Muna
                  | gifted it to you on level 4 of the Shoals)
 43278 | Shoals:4 | Received a gift from Sif Muna
 43593 | Shoals:4 | Got a barnacled rune of Zot
 43600 | Shoals:4 | Found Vepsod's Food Shop.
 43610 | Shoals:4 | Got a crude scale mail
 43621 | Shoals:4 | Identified the +1 scale mail "Qeanud" {rCorr} (You found it
                  | on level 4 of the Shoals)
 44398 | Elf:1    | Entered Level 1 of the Elven Halls
 44753 | Vaults:1 | Entered Level 1 of the Vaults
 44918 | Vaults:1 | Reached skill level 5 in Shields
 45134 | Vaults:1 | Found a deep blue altar of Sif Muna.
 45655 | Vaults:1 | Noticed Saint Roka
 45674 | Vaults:1 | Killed Saint Roka
 45859 | Vaults:1 | Reached XP level 18. HP: 94/112 MP: 39/39
 46243 | Vaults:1 | Found Inocugosh's Weapon Emporium.
 47225 | Vaults:1 | Identified the +8 morningstar of Eskob {freeze, rN+ Str+5}
                  | (You found it on level 1 of the Vaults)
 47916 | Vaults:2 | Reached skill level 16 in Spellcasting
 48992 | Vaults:2 | Found a staircase to the Crypt.
 49900 | Vaults:2 | Identified Sif Muna's Papyrus of Combat Magic and the
                  | Volcanoes (Sif Muna gifted it to you on level 2 of the
                  | Vaults)
 49900 | Vaults:2 | Received a gift from Sif Muna
 49916 | Vaults:2 | Learned a level 6 spell: Bolt of Cold
 50435 | Vaults:3 | Reached XP level 19. HP: 99/119 MP: 25/41
 51133 | Vaults:3 | Gained mutation: Your magical capacity is low. (-10% MP)
                  | [mutagenic glow]
 51342 | Vaults:3 | HP: 3/119 [fire giant/+1 great sword of flaming (7)]
 52337 | Vaults:3 | Reached skill level 17 in Spellcasting
 53168 | Vaults:4 | Reached skill level 15 in Ice Magic
 53619 | Vaults:4 | Reached skill level 10 in Shields
 53772 | Vaults:4 | Identified Sif Muna's Guide on Ashen Good Luck (Sif Muna
                  | gifted it to you on level 4 of the Vaults)
 53772 | Vaults:4 | Received a gift from Sif Muna
 53789 | Vaults:4 | Learned a level 6 spell: Deflect Missiles
 54203 | Vaults:4 | Reached skill level 15 in Conjurations
 54635 | Vaults:4 | Noticed Mara
 54651 | Vaults:4 | Noticed MatthieuS's illusion
 54694 | Vaults:4 | Killed Mara
 54700 | Vaults:4 | Reached XP level 20. HP: 121/126 MP: 10/39
 55271 | Vaults:5 | Entered Level 5 of the Vaults
 55595 | Vaults:5 | Identified the +9 hand axe of the Wheel {pain, rF+ SInv}
 55996 | Vaults:5 | Reached skill level 18 in Spellcasting
 57229 | Vaults:5 | Identified Icotorr's Handbook of Transformation
 57570 | Vaults:5 | Identified Sif Muna's Compendium of the Hurtful Birds (Sif
                  | Muna gifted it to you on level 5 of the Vaults)
 57570 | Vaults:5 | Received a gift from Sif Muna
 57808 | Vaults:5 | Learned a level 5 spell: Borgnjor's Vile Clutch
 57881 | Vaults:5 | Identified the +1 robe of Wutoas {-Tele MR++ Str+5}
 58455 | Vaults:5 | Reached XP level 21. HP: 132/132 MP: 22/41
 59119 | Vaults:5 | Identified the cursed +0 rapier of the Evening {drain, rF+
                  | Int+6}
 59268 | Vaults:5 | Got a silver rune of Zot
 59698 | Depths:1 | Entered Level 1 of the Depths
 59715 | Depths:1 | Found a gateway to Hell.
 59900 | Depths:1 | Found Soveput's Food Boutique.
 60396 | Depths:1 | Found a bloodstained altar of Trog.
 60520 | Depths:1 | Bought a ration for 55 gold pieces
 60594 | Depths:1 | Identified Sif Muna's Handbook of Hurtful Enchantment (Sif
                  | Muna gifted it to you on level 1 of the Depths)
 60594 | Depths:1 | Received a gift from Sif Muna
 61333 | Elf:1    | Found a radiant altar of Vehumet.
 61640 | Elf:1    | Identified the Papyrus of Calling
 61802 | Elf:1    | Found a white marble altar of Elyvilon.
 61802 | Elf:1    | Found a glowing golden altar of the Shining One.
 61802 | Elf:1    | Found a glowing silver altar of Zin.
 62400 | Elf:1    | Noticed Frances
 62414 | Elf:1    | Killed Frances
 62538 | Elf:1    | Found Rellozote's General Store.
 62544 | Elf:1    | Bought a potion of heal wounds for 80 gold pieces
 62544 | Elf:1    | Bought a scroll of fear for 56 gold pieces
 62544 | Elf:1    | Bought a ration for 80 gold pieces
 63066 | Elf:2    | Identified Roxanne's Incunabulum of Changing
 63066 | Elf:2    | Noticed Roxanne
 63082 | Elf:2    | Killed Roxanne
 63409 | Elf:2    | Found Fuggoapn's Assorted Antiques.
 63412 | Elf:2    | Bought a scroll of teleportation for 90 gold pieces
 63412 | Elf:2    | Bought a scroll of identify for 60 gold pieces
 63412 | Elf:2    | Bought a scroll of amnesia for 105 gold pieces
 63412 | Elf:2    | Bought a scroll of identify for 60 gold pieces
 63412 | Elf:2    | Bought a potion of invisibility for 240 gold pieces
 64252 | Elf:2    | Found a huge runed translucent gate.
 64252 | Elf:2    | Found a huge runed translucent gate.
 64252 | Elf:2    | Found a huge runed translucent gate.
 64253 | Elf:2    | Found a huge runed translucent gate.
 64254 | Elf:2    | Found a huge runed translucent gate.
 65297 | Elf:3    | Entered Level 3 of the Elven Halls
 65855 | Elf:3    | Reached XP level 22. HP: 138/138 MP: 41/42
 66232 | Elf:3    | Reached skill level 15 in Shields
 66755 | Elf:3    | Received a gift from Sif Muna
 66755 | Elf:3    | Reached skill level 15 in Dodging
 66755 | Elf:3    | Reached skill level 19 in Spellcasting
 67010 | Elf:3    | Got a smoking leather armour
 67011 | Elf:3    | Identified the +3 leather armour "Imasir" {rElec rPois
                  | rF+++ Dex-5} (You found it on level 3 of the Elven Halls)
 67069 | Elf:3    | Identified the Catalogue of Earth
 67076 | Elf:3    | Identified Sif Muna's Compendium of the Blaze and Ice
 67574 | Depths:1 | Learned a level 2 spell: Sublimation of Blood
 68686 | Depths:2 | Paralysed by a floating eye for 3 turns
 68950 | Depths:2 | Found the +6 Majin-Bo {vamp, Archmagi MP+6 Int+6}
 69168 | Depths:2 | Gained mutation: Potions are less effective at restoring
                  | your health. [mutagenic glow]
 69798 | Depths:2 | Reached skill level 15 in Fighting
 70352 | Depths:2 | Gained mutation: Your spells are a little easier to cast,
                  | but a little less powerful. [mutagenic glow]
 70510 | Depths:3 | Reached XP level 23. HP: 134/144 MP: 26/44
 70784 | Depths:3 | Received a gift from Sif Muna
 70790 | Depths:3 | Learned a level 1 spell: Apportation
 70801 | Depths:3 | Learned a level 9 spell: Glaciate
 71794 | Depths:3 | Noticed Asterion
 71800 | Depths:3 | Killed Asterion
 72820 | Depths:3 | Found a one-way gate leading to the halls of Pandemonium.
 72845 | Depths:3 | Reached skill level 20 in Spellcasting
 73440 | Depths:4 | Gained mutation: You are frail. (-10% HP) [mutagenic glow]
 73443 | Depths:4 | HP: 4/129 [deep troll (18)]
 73443 | Depths:4 | Slain by a deep troll

Levels and vault maps discovered:
D:1:      onia_arrival_zoo_common, layout_loops_ring,
          wad_floor_pattern_untrapped
D:2:      layout_basic, grunt_temple_overflow_opulence, fedhas_altar_4
D:3:      layout_loops_ring, lemuel_crystal_altar,
          gammafunk_temple_overflow_forgotten
D:4:      layout_loops_ring, lemuel_crystal_altar, gammafunk_ghost_smash,
          minivault_14
D:5:      layout_rooms, lemuel_crystal_altar, elyvilon_altar_4,
          minmay_temple_entry_arrows, first_ration, serial_shops, shop,
          nicolae_shop_behind_doors, uniq_eustachio, uniq_edmund, uniq_ijyb
D:6:      layout_loops_ring, marbit_many_paths, uniq_sigmund,
          uniq_prince_ribbit1
D:7:      layout_basic, yredelemnul_altar_generic, kennysheep_mini_moat,
          hex_intersection, corexii_corridor_pit, uniq_menkaure, uniq_duvessa
D:8:      layout_cave_pods
D:9:      layout_basic, kennysheep_little_box, basic_altar, uniq_pikel,
          uniq_harold
D:10:     layout_gridville, uniq_erica
D:11:     layout_basic, lair_entry_dummy, serial_shops, nicolae_shop_waterfront,
          nicolae_shop_crystal, nicolae_shop_stone, shop, nicolae_shop_stone,
          uniq_grum
D:12:     layout_loops_ring, erik_orc_1, the_bakery
D:13:     layout_big_octagon, lightli_vaults_fourway_checkpoint,
          nicolae_qazlal_style_of_elements, uniq_snorg
D:14:     layout_irregular_city, st_stairs_10
D:15:     grunt_enter_depths_magical_seal, layout_basic, tso_metal_star,
          hangedman_feature_mirror, uniq_azrael
Temple:   compressed_dpeg_triangle_lava_temple
Lair:1:   minmay_guarded_unrand_snakebite, layout_gridlike,
          nicolae_quartered_pool_medium, serial_bayou_pond_a, minmay_hedge_maze
Lair:2:   layout_layer_cave, minmay_shoals_entry_centaurs, gammafunk_ghost_hive,
          uniq_gastronok
Lair:3:   layout_cave_pods, minivault_25, grunt_forest_stairs_basic,
          forest_entry_grove
Lair:4:   beast_lair_carwin_large_3, layout_regular_city,
          spider_nest_entry_funnel_web, gammafunk_ghost_hive
Lair:5:   layout_small_grid, minmay_slime_entry_pillars, grunt_megastairs_5,
          uniq_urug
Lair:6:   grunt_lair_end_beastmaster, layout_long_grid, special_room
          [special_room_mythical_zoo], st_stairs_5, lookout_lair_type,
          chequers_serial_rivers_marsh
Shoals:1: layout_shoals, nicolae_shoals_so_close
Shoals:2: layout_shoals, serial_shops, nicolae_shop_crystal
Shoals:3: layout_shoals, nicolae_shoals_loop_pool
Shoals:4: shoals_end_grunt_garden, layout_shoals, serial_shops,
          nicolae_shop_window_shopping, ldierk_geyser
Spider:1: layout_spider_delve
Spider:2: layout_spider_delve, nicolae_crawler_farm, uniq_agnes, uniq_nikola,
          uniq_jorgrun, uniq_louise
Spider:3: layout_spider_delve, minivault_29
Spider:4: grunt_spider_rune_circles, gammafunk_ghost_split
Orc:1:    layout_caves, serial_shops, shop, shop, nicolae_shop_trees, shop,
          nicolae_shop_overgrown_old_shop, trog_butcher_becter
Orc:2:    st_orc_open, layout_caves, gammafunk_ghost_split
Elf:1:    eino_elf_arrival_altar, layout_rooms,
          portal_desolation_entry_holy_temple, serial_shops, nicolae_shop_trees,
          minmay_elf_demonology, uniq_frances
Elf:2:    layout_gridlike, serial_shops, nicolae_shop_window_shopping,
          uniq_roxanne
Elf:3:    minmay_elf_hall, layout_geoelf_octagon
Vaults:1: v_pattern_2, hangedman_vaults_pinch,
          vaults_standard_mumra_enter_the_diamond,
          hangedman_vaults_corner_blocks, nicolae_vaults_what_the_h,
          vaults_room_stairs_pillars, st_more_cells, vaults_dpeg_encased_lava,
          vaults_dpeg_hooks, nicolae_vaults_shelves_hall, v_misc_2,
          nicolae_vaults_theta, nicolae_vaults_little_squares_6,
          nicolae_vaults_three_branches, layout_vaults_big_room, serial_shops,
          shop_fountains, basic_altar, uniq_saint_roka
Vaults:2: hangedman_vaults_restitches, vaults_dpeg_spiral, v_misc_15,
          nicolae_vaults_theta, vaults_room_pool, ontoclasm_vaults_twist,
          ontoclasm_vaults_ring_small, vaults_room_corners,
          layout_vaults_quadrants, minmay_crypt_entry_skeletal_spiral
Vaults:3: vaults_room_boxed, ontoclasm_vaults_misaligned,
          vaults_mumra_bighexcomb, nicolae_vaults_mini_display_case,
          nicolae_vaults_little_squares_2, v_misc_22,
          nicolae_vaults_little_squares_5, vaults_room_semicircle,
          vaults_mumra_minichess_inversion, nicolae_vaults_network_square,
          v_misc_30, layout_vaults_maze_bifur
Vaults:4: hangedman_vaults_corner_blocks, ontoclasm_vaults_tryst,
          vaults_room_large_hall, vaults_mumra_chevron_long, v_misc_10,
          dpeg_vaults_monster_row, ontoclasm_vaults_pinch, v_rooms_3,
          ontoclasm_vaults_eye, vaults_dpeg_diagonal, vaults_room_pool,
          layout_vaults_ring, uniq_mara
Vaults:5: serial_shops
Depths:1: layout_cave_shapes, kennysheep_minor_cross, serial_shops, shop,
          hell_entry, evilmike_spriggan_trog_shrine, serial_bayou_shore_b,
          kennysheep_random_hallway, serial_bayou_shore_b, serial_bayou_shore_a
Depths:2: minmay_guarded_unrand_majin_bo, layout_twisted_cross,
          grunt_hell_entry_demonic_statue, minmay_misc_feat_enclosed,
          kennysheep_another_room, kennysheep_cross_bottleneck
Depths:3: mu_elephants_graveyard, layout_long_grid, kennysheep_path_1,
          grunt_pan_entry_in_and_out, hangedman_coc_ice_floe, uniq_asterion
Depths:4: hangedman_screamer, layout_gridville, enter_ziggurat_e,
          grunt_decor_resistance, abyss_entry, hell_entry,
          nicolae_elemental_shop, minmay_shop_grove, infiniplex_staircase_star

Skill      XL: |  1  2  3  4  5  6  7  8  9 10 11 12 13 14 15 16 17 18 19 20 21 22 23 |
---------------+----------------------------------------------------------------------+-----
Fighting       | 1 2 3 4 5 6 7 8 10 11 12 13 14 15 | 15.3
Ice Magic      | 4 5 6 7 8 9 10 11 12 13 14 15 16 17 | 17.5
Spellcasting   | 4 5 7 8 9 10 11 12 13 14 15 16 17 18 19 20 | 20.1
Summonings     | 1 2 4 5 6 7 8 9 10 11 12 | 12.0
Shields        | 2 4 5 8 10 11 14 15 | 15.0
Conjurations   | 2 4 5 6 7 8 9 10 11 12 13 14 15 16 17 | 17.4
Charms         | 3 5 |  5.0
Dodging        | 4 6 7 8 10 11 12 13 14 16 17 | 17.5
Stealth        | 4 6 8 9 10 | 10.8
Invocations    | 1 3 5 |  5.6
Air Magic      | 1 3 4 5 |  5.0
Armour         | 2 3 5 6 |  6.0
Necromancy     | 2 |  2.0

Action                   |  1- 3 |  4- 6 |  7- 9 | 10-12 | 13-15 | 16-18 | 19-21 | 22-24 || total
-------------------------+-------+-------+-------+-------+-------+-------+-------+-------++-------
Melee: Short sword       |       |    45 |   181 |     7 |     2 |     5 |     9 |       ||   249
       Staff             |       |       |       |    10 |     4 |    18 |     3 |    13 ||    48
       Scimitar          |       |       |       |     2 |       |       |       |       ||     2
       Whip              |       |       |       |    66 |    35 |     9 |       |       ||   110
       Unarmed           |       |       |       |       |       |    12 |       |       ||    12
       Rapier            |       |       |       |       |       |       |    13 |     5 ||    18
 Fire: Hunting sling     |    57 |    63 |       |       |       |       |       |       ||   120
 Cast: Freeze            |    36 |    46 |    18 |    91 |    71 |    50 |    71 |    22 ||   405
       Throw Frost       |    17 |    36 |    29 |    38 |   125 |    32 |       |       ||   277
       Ozocubu's Armour  |     1 |     4 |     8 |     9 |    11 |     8 |     9 |     4 ||    54
       Summon Ice Beast  |       |     2 |    64 |   166 |   185 |   259 |   195 |    29 ||   900
       Throw Icicle      |       |       |       |    51 |   200 |   414 |   366 |   211 ||  1242
       Freezing Cloud    |       |       |       |     2 |    63 |    91 |    90 |    53 ||   299
       Iskenderun's Batt |       |       |       |       |    40 |    30 |       |       ||    70
       Spellforged Servi |       |       |       |       |    38 |    57 |    45 |    18 ||   158
       Conjure Flame     |       |       |       |       |     8 |     1 |       |       ||     9
       Summon Lightning  |       |       |       |       |     4 |     9 |       |       ||    13
       Ensorcelled Hiber |       |       |       |       |       |    14 |       |       ||    14
       Regeneration      |       |       |       |       |       |    45 |    30 |    12 ||    87
       Shroud of Golubri |       |       |       |       |       |    34 |    46 |    14 ||    94
       Ozocubu's Refrige |       |       |       |       |       |    20 |    18 |    11 ||    49
       Irradiate         |       |       |       |       |       |     5 |    49 |    43 ||    97
       Ice Form          |       |       |       |       |       |     1 |       |       ||     1
       Bolt of Cold      |       |       |       |       |       |     5 |    23 |       ||    28
       Blink             |       |       |       |       |       |     1 |     3 |     6 ||    10
       Deflect Missiles  |       |       |       |       |       |       |    10 |     1 ||    11
       Borgnjor's Vile C |       |       |       |       |       |       |    37 |    43 ||    80
       Sublimation of Bl |       |       |       |       |       |       |       |    23 ||    23
Invok: Channel Magic     |       |       |       |       |     5 |     6 |    17 |     8 ||    36
       Forget Spell      |       |       |       |       |       |     2 |       |       ||     2
       Divine Energy     |       |       |       |       |       |       |       |     1 ||     1
       Stop Divine Energ |       |       |       |       |       |       |       |     1 ||     1
 Abil: End Transformatio |       |       |       |       |       |     1 |       |       ||     1
Evoke: Wand              |       |     2 |     1 |       |     6 |    10 |    19 |     6 ||    44
       Lamp of fire      |       |       |       |       |     2 |       |     2 |     2 ||     6
       Phantom mirror    |       |       |       |       |       |       |     1 |       ||     1
       Box of beasts     |       |       |       |       |       |       |     1 |     1 ||     2
  Use: Scroll            |     1 |     3 |    16 |     9 |    13 |    27 |    17 |    11 ||    97
       Potion            |       |     1 |     6 |     2 |     7 |    11 |     5 |     7 ||    39
 Stab: Paralysed         |       |     2 |     5 |       |       |       |       |       ||     7
       Sleeping          |       |     1 |     1 |     1 |       |       |       |       ||     3
       Distracted        |       |       |       |     2 |       |     1 |     1 |       ||     4
       Invisible         |       |       |       |     2 |       |       |       |       ||     2
  Eat: Chunk             |     5 |     9 |    17 |    14 |    24 |    29 |    27 |     2 ||   127
       Ration            |       |     1 |     2 |     6 |     8 |    10 |     8 |     9 ||    44
Armor: Robe              |    12 |    30 |       |       |       |       |       |       ||    42
       Scale mail        |       |       |    39 |       |       |       |       |       ||    39
       Leather armour    |       |       |    33 |       |       |       |       |    67 ||   100
       Skin              |       |       |     5 |       |       |       |       |       ||     5
       Troll leather arm |       |       |       |    69 |   142 |   197 |    50 |     3 ||   461
Dodge: Dodged            |    18 |    84 |    86 |   172 |   386 |   505 |   259 |   208 ||  1718
       Deflected         |       |       |       |       |       |       |    76 |    15 ||    91
Block: Buckler           |       |       |    20 |    79 |   140 |   207 |   150 |       ||   596
       Reflection        |       |       |       |       |       |    23 |    63 |    19 ||   105
       Shield            |       |       |       |       |       |       |   123 |   361 ||   484

Table legend:
 A = Non-vault XP
 B = Vault XP
 C = Vault XP percentage of total XP
 D = Non-vault monster count
 E = Vault monster count
 F = Vault count percentage of total count
                 A         B        C        D         E       F
            +---------+---------+-------+---------+---------+-------
      Total |  484978 |  417681 |  46.3 |    1326 |     702 |  34.6
            +---------+---------+-------+---------+---------+-------
        D:1 |      24 |       0 |   0.0 |      11 |       0 |   0.0
        D:2 |      95 |       0 |   0.0 |      31 |       0 |   0.0
        D:3 |     242 |       0 |   0.0 |      36 |       0 |   0.0
        D:4 |     184 |       0 |   0.0 |       9 |       0 |   0.0
        D:5 |     141 |     347 |  71.1 |      15 |       3 |  16.7
        D:6 |     406 |     484 |  54.4 |      13 |       3 |  18.8
        D:7 |     900 |     322 |  26.4 |      29 |       3 |   9.4
        D:8 |    1325 |       0 |   0.0 |      35 |       0 |   0.0
        D:9 |     409 |     808 |  66.4 |      15 |       2 |  11.8
       D:10 |    1069 |     480 |  31.0 |      25 |       1 |   3.8
       D:11 |    2981 |     334 |  10.1 |      26 |       5 |  16.1
       D:12 |    1638 |     741 |  31.1 |       8 |      18 |  69.2
       D:13 |    4993 |    6488 |  56.5 |      37 |      13 |  26.0
       D:14 |    7042 |     100 |   1.4 |      25 |       2 |   7.4
       D:15 |    9722 |    6738 |  40.9 |      35 |      17 |  32.7
     Lair:1 |     538 |    1217 |  69.3 |       6 |      11 |  64.7
     Lair:2 |    1470 |    1396 |  48.7 |       9 |       5 |  35.7
     Lair:3 |    1617 |     737 |  31.3 |       9 |       7 |  43.8
     Lair:4 |    1789 |    6199 |  77.6 |       8 |      24 |  75.0
     Lair:5 |    4064 |    1223 |  23.1 |      19 |       6 |  24.0
     Lair:6 |   11426 |   14990 |  56.7 |      48 |      50 |  51.0
   Shoals:1 |    3722 |      89 |   2.3 |      10 |       1 |   9.1
   Shoals:2 |   14180 |       0 |   0.0 |      35 |       0 |   0.0
   Shoals:3 |   19154 |       0 |   0.0 |      48 |       0 |   0.0
   Shoals:4 |   11524 |   12950 |  52.9 |      30 |      27 |  47.4
   Spider:1 |   11898 |       0 |   0.0 |      45 |       0 |   0.0
   Spider:2 |   18002 |    8225 |  31.4 |      81 |      14 |  14.7
   Spider:3 |   14272 |    6957 |  32.8 |      50 |      46 |  47.9
   Spider:4 |   16258 |   19687 |  54.8 |      41 |      38 |  48.1
      Orc:1 |    4433 |     235 |   5.0 |      19 |       4 |  17.4
      Orc:2 |    2127 |   10821 |  83.6 |      28 |      37 |  56.9
      Elf:1 |   18667 |   11594 |  38.3 |      37 |      16 |  30.2
      Elf:2 |   19923 |   22310 |  52.8 |      33 |      29 |  46.8
      Elf:3 |   17161 |   49437 |  74.2 |      30 |      29 |  49.2
   Vaults:1 |   38213 |   18692 |  32.8 |      72 |      34 |  32.1
   Vaults:2 |   34058 |    9515 |  21.8 |      62 |      26 |  29.5
   Vaults:3 |   36338 |   25511 |  41.2 |      49 |      29 |  37.2
   Vaults:4 |   24308 |   20072 |  45.2 |      29 |      20 |  40.8
   Vaults:5 |   25419 |  101898 |  80.0 |      36 |      87 |  70.7
   Depths:1 |   23751 |    7444 |  23.9 |      36 |      11 |  23.4
   Depths:2 |   50740 |   13128 |  20.6 |      72 |      32 |  30.8
   Depths:3 |   18818 |   24982 |  57.0 |      21 |      34 |  61.8
   Depths:4 |    9937 |   11530 |  53.7 |      13 |      18 |  58.1
            +---------+---------+-------+---------+---------+-------
